Map: 2000 Atmospheres LE

Players

Cheater 1 (Insane) - Winner!

  • Race: Protoss Protoss
  • Spawn Location: 7:00

llllllllllll

  • Race: Terran Terran
  • Spawn Location: 3:00

VOD

Have the link to the VOD?

Description

Time

  • Played on: July 7, 2022, 12:35 p.m.
  • Length: 14:43
Show
View Real Time Build Order
Export as new Build Order

Cheater 1 (Insane) Protoss - Winner!

Build Orders: 1 Gate Expand, Double Forge 

Get SALT Encoding   

  12  0:00  Probe  
  13  0:13  Probe  
  14  0:19  Pylon  
  14  0:25  Probe  
  15  0:33  Probe  
  15  0:41  Assimilator, Probe  
  16  0:45  Gateway  
  17  0:51  Probe  
  17  0:52  Pylon  
  18  0:59  Probe  
  19  1:08  Probe  
  19  1:18  Probe  
  20  1:25  Nexus  
  21  1:30  Probe  
  22  1:34  Cybernetics Core  
  22  1:40  Zealot  
  22  1:42  Probe  
  25  1:50  Gateway  
  25  1:55  Pylon  
  25  1:58  Probe  
  26  2:06  Probe  
  26  2:07  Assimilator, Zealot  
  28  2:11  Warp Gate  
  28  2:14  Probe  
  30  2:24  Pylon  
  30  2:25  Probe  
  31  2:33  Probe  
  31  2:34  Adept  
  31  2:36  Probe  
  31  2:37  Adept  
  36  2:41  Probe  
  37  2:48  Probe  
  37  2:51  Pylon  
  39  2:56  Probe, Adept  
  40  3:01  Robotics Facility  
  40  3:02  Probe  
  43  3:06  Adept  
  43  3:08  Probe  
  46  3:14  Probe  
  45  3:21  Probe  
  45  3:22  Gateway  
  45  3:24  Stalker  
  45  3:26  Probe  
  49  3:33  Probe  
  50  3:35  Probe  
  50  3:37  Pylon, Sentry  
  53  3:43  Probe  
  53  3:45  Probe  
  55  3:49  Immortal, Robotics Facility  
  55  3:53  Probe  
  55  3:54  Stalker  
  62  3:57  Probe  
  63  4:04  Probe, Pylon  
  63  4:06  Pylon  
  63  4:09  Probe  
  65  4:10  Adept  
  65  4:12  Probe  
  65  4:13  Gateway  
  65  4:15  Stalker  
  70  4:20  Probe  
  70  4:22  Probe  
  72  4:28  Immortal  
  72  4:31  Stalker  
  78  4:32  Stalker  
  78  4:36  Immortal, Pylon  
  84  4:39  Stalker, Forge  
  84  4:42  Forge  
  86  4:54  Stalker  
  86  4:55  Stalker  
  90  5:00  Pylon  
  90  5:07  Immortal  
  90  5:13  Immortal  
  98  5:22  Zealot  
  98  5:23  Zealot x2, Sentry  
  98  5:24  Pylon, Protoss Ground Weapons Level 1  
  98  5:27  Assimilator  
  106  5:29  Assimilator  
  106  5:33  Nexus  
  106  5:36  Protoss Ground Armor Level 1  
  106  5:40  Pylon  
  106  5:41  Zealot  
  108  5:43  Zealot x2  
  108  5:45  Immortal  
  116  5:51  Photon Cannon  
  116  5:52  Probe x2  
  118  5:58  Zealot  
  118  5:59  Pylon  
  118  6:01  Photon Cannon, Zealot  
  118  6:03  Zealot x2  
  126  6:04  Pylon  
  126  6:17  Probe  
  127  6:23  Photon Cannon, Sentry  
  127  6:25  Twilight Council  
  129  6:27  Robotics Bay  
  129  6:31  Photon Cannon  
  129  6:34  Observer  
  129  6:35  Pylon  
  130  6:41  Pylon  
  130  6:44  Warp Prism  
  130  6:45  Probe x3  
  130  6:46  Warp Prism  
  135  6:47  Pylon  
  135  6:51  Blink  
  135  6:56  Assimilator, Nexus  
  135  6:57  Probe, Pylon  
  135  6:58  Probe x2  
  135  7:00  Stalker  
  135  7:01  Photon Cannon  
  142  7:05  Stalker  
  142  7:07  Photon Cannon  
  144  7:09  Probe  
  144  7:10  Gateway, Probe x2  
  144  7:11  Assimilator  
  144  7:13  Colossus  
  144  7:14  Pylon  
  147  7:18  Photon Cannon  
  147  7:20  Disruptor  
  147  7:21  Probe  
  147  7:22  Robotics Facility, Probe  
  152  7:23  Probe  
  159  7:33  Probe  
  159  7:35  Forge, Probe x2  
  162  7:37  Protoss Ground Weapons Level 2  
  162  7:41  Pylon  
  162  7:43  Stargate  
  162  7:46  Probe  
  162  7:47  Probe  
  162  7:48  Probe  
  165  7:51  Gravitic Drive  
  165  7:53  Stalker  
  165  7:55  Stalker  
  165  7:56  Stalker, Observer  
  165  7:58  Stalker, Probe  
  175  8:04  Stalker  
  177  8:06  Colossus  
  177  8:08  Warp Prism  
  177  8:09  Gateway  
  185  8:16  Stalker  
  185  8:17  Disruptor, Colossus  
  185  8:18  Assimilator, Adept  
  185  8:19  Colossus, Sentry  
  194  8:21  Stalker, Colossus, Pylon  
  194  8:24  Assimilator  
  196  8:28  Protoss Ground Armor Level 2  
  195  8:38  Gravitic Boosters  
  195  8:40  Observer  
  195  8:42  Photon Cannon, Protoss Shields Level 1  
  196  8:50  Nexus  
  196  8:52  Resonating Glaives  
  196  8:53  Pylon  
  196  9:12  Disruptor, Probe, Colossus  
  196  9:14  Photon Cannon  
  196  9:16  Stalker  
  173  9:17  Stalker, Adept x2, Photon Cannon  
  173  9:18  Zealot x2  
  173  9:19  Immortal, Photon Cannon  
  123  9:36  Sentry  
  123  9:37  Zealot  
  123  9:38  Stalker, Zealot x2  
  131  9:40  Sentry  
  135  9:48  Immortal  
  135  9:51  Zealot, Photon Cannon  
  141  9:57  Zealot  
  141  9:58  Immortal, Adept, Sentry  
  151  10:01  Zealot  
  151  10:02  Adept  
  151  10:06  Immortal  
  159  10:08  Sentry  
  159  10:10  Assimilator  
  159  10:14  Adept, Pylon  
  161  10:16  Assimilator, Sentry  
  161  10:18  Stalker  
  167  10:21  Zealot  
  167  10:22  Zealot  
  167  10:24  Adept  
  167  10:28  Immortal, Nexus  
  169  10:32  Stalker  
  169  10:34  Stalker, Charge  
  173  10:36  Photon Cannon  
  173  10:38  Immortal  
  173  10:41  Stalker x2  
  173  10:42  Sentry  
  183  10:43  Pylon  
  183  10:45  Stalker, Colossus  
  183  10:47  Stalker  
  193  10:57  Sentry  
  147  11:04  Stalker, Adept x2, Photon Cannon  
  147  11:05  Adept  
  147  11:06  Colossus  
  147  11:07  Zealot, Photon Cannon  
  147  11:09  Photon Cannon  
  163  11:15  Zealot  
  163  11:16  Colossus  
  163  11:17  Sentry  
  173  11:25  Stalker x2  
  177  11:27  Zealot  
  177  11:28  Sentry  
  177  11:29  Immortal  
  177  11:30  Adept  
  183  11:37  Zealot  
  189  11:45  Stalker  
  165  11:47  Stalker, Pylon  
  165  11:48  Sentry  
  165  11:50  Adept, Colossus  
  165  11:51  Sentry  
  165  11:57  Adept  
  165  12:00  Sentry  
  173  12:08  Disruptor, Photon Cannon  
  173  12:09  Stalker  
  173  12:10  Stalker, Immortal  
  173  12:11  Stalker  
  173  12:13  Colossus, Pylon  
  173  12:14  Adept  
  173  12:15  Extended Thermal Lance  
  188  12:17  Zealot  
  190  12:23  Stalker  
  190  12:24  Stalker  
  190  12:29  Zealot  
  196  12:34  Sentry  
  196  12:35  Templar Archives  
  198  12:39  Photon Cannon  
  198  12:41  Photon Cannon  
  198  12:44  Photon Cannon  
  198  12:48  Gateway  
  198  12:52  Immortal  
  198  12:56  Colossus  
  196  12:58  Stalker  
  196  13:00  Stalker x2  
  196  13:01  Stalker  
  196  13:02  Stalker  
  196  13:03  Immortal  
  196  13:05  Stalker  
  133  13:16  Stalker  
  133  13:17  Photon Cannon  
  119  13:21  High Templar  
  119  13:23  Stalker, Sentry x2  
  127  13:28  Sentry  
  127  13:32  Immortal  
  133  13:34  High Templar  
  133  13:39  Adept  
  137  13:42  Immortal, Zealot  
  137  13:46  Stalker x2  
  137  13:47  Sentry  
  135  13:50  Immortal  
  135  13:51  Zealot, Photon Cannon  
  135  13:53  High Templar  
  127  14:02  Stalker, High Templar  
  119  14:06  Sentry  
  119  14:09  Stalker, Adept  
  119  14:11  Adept  
  123  14:19  Stalker  
  123  14:20  Sentry  
  123  14:23  Photon Cannon  
  119  14:27  Zealot  
  119  14:29  Stalker, High Templar  
  119  14:31  Stalker  
  117  14:32  High Templar  
  117  14:37  Zealot  
  117  14:39  Stalker  
Show
View Real Time Build Order
Export as new Build Order

llllllllllll Terran 

Build Orders: Gas First Reaper Expand, Mech 

Get SALT Encoding   

  12  0:00  SCV  
  13  0:12  SCV  
  14  0:17  Supply Depot  
  14  0:24  SCV  
  14  0:28  Refinery  
  15  0:39  SCV  
  16  0:44  Barracks  
  16  0:51  SCV  
  17  1:03  SCV  
  18  1:15  SCV  
  19  1:32  Reaper, Orbital Command  
  20  1:43  Command Center  
  20  1:55  Factory  
  20  1:59  SCV  
  21  2:05  Marine  
  21  2:08  Supply Depot  
  22  2:12  SCV  
  23  2:18  Refinery  
  23  2:24  Barracks Tech Lab  
  23  2:29  SCV  
  24  2:41  SCV  
  25  2:53  SCV  
  25  2:56  Orbital Command  
  26  3:01  Cyclone, Barracks Reactor  
  29  3:05  SCV  
  30  3:16  Command Center  
  30  3:22  SCV x2  
  32  3:34  Supply Depot  
  32  3:35  Siege Tank  
  32  3:36  SCV  
  32  3:37  SCV  
  32  3:38  Marine  
  32  3:39  Marine  
  39  3:48  SCV  
  39  3:51  SCV  
  39  3:53  Armory  
  41  3:56  Marine  
  41  3:57  Marine  
  41  4:01  Supply Depot, SCV  
  44  4:04  SCV  
  44  4:08  Siege Tank  
  48  4:13  SCV  
  48  4:14  Marine  
  50  4:20  Supply Depot  
  50  4:21  SCV  
  51  4:25  Supply Depot, SCV  
  51  4:30  Orbital Command  
  51  4:31  Marine  
  52  4:33  SCV  
  52  4:37  SCV  
  55  4:40  Marine  
  55  4:41  Siege Tank  
  55  4:43  Terran Vehicle Weapons Level 1  
  59  4:48  SCV  
  59  4:49  SCV  
  59  4:50  Refinery  
  59  4:51  Refinery  
  60  4:53  Marine  
  60  4:55  SCV  
  60  4:58  Marine  
  63  5:04  SCV x2  
  65  5:09  Factory  
  65  5:13  Factory  
  66  5:14  SCV  
  66  5:19  Engineering Bay  
  68  5:22  SCV x2  
  68  5:23  Orbital Command  
  68  5:28  Siege Tank  
  68  5:30  Barracks Tech Lab  
  68  5:34  SCV x2  
  73  5:40  Supply Depot  
  73  5:46  SCV x2  
  73  5:49  SCV  
  76  5:53  Bunker  
  76  5:56  Supply Depot  
  76  5:58  SCV  
  76  5:59  Starport  
  76  6:01  Siege Tank  
  76  6:04  Barracks Tech Lab, Infernal Pre-Igniter  
  80  6:05  Hellbat  
  80  6:06  Hellbat  
  80  6:09  Hellbat  
  80  6:10  SCV x3  
  89  6:14  Supply Depot  
  89  6:17  Supply Depot  
  89  6:18  Supply Depot  
  89  6:22  SCV x3  
  92  6:27  Hellbat x2  
  92  6:28  Missile Turret  
  96  6:35  Siege Tank x2  
  96  6:36  Command Center  
  96  6:38  SCV x2  
  104  6:43  Refinery  
  104  6:45  Refinery  
  104  6:46  Terran Vehicle Weapons Level 2  
  104  6:50  Hellbat x2  
  108  6:57  SCV  
  108  6:58  Raven, SCV x2  
  113  7:04  Barracks Reactor  
  113  7:06  Missile Turret  
  113  7:09  SCV  
  113  7:12  Hellbat x2  
  113  7:13  Hellbat x2  
  113  7:14  SCV  
  123  7:17  SCV  
  123  7:22  Supply Depot, SCV  
  125  7:24  Supply Depot x2  
  125  7:25  Supply Depot  
  125  7:26  SCV  
  125  7:28  Factory  
  126  7:30  Factory  
  126  7:33  SCV  
  126  7:34  SCV  
  126  7:35  Siege Tank  
  126  7:36  Hellbat  
  133  7:43  Siege Tank, SCV  
  133  7:44  Hellbat  
  139  7:45  Supply Depot  
  139  7:46  Supply Depot  
  139  7:47  Supply Depot  
  139  7:58  SCV x3  
  142  8:07  Hellbat, Siege Tank  
  142  8:08  Hellbat  
  142  8:09  Medivac x2  
  142  8:10  SCV  
  154  8:13  Armory  
  154  8:15  Neosteel Armor  
  154  8:16  Hellbat  
  156  8:22  Planetary Fortress  
  156  8:26  Refinery  
  155  8:27  Refinery  
  155  8:28  Factory Reactor, Missile Turret  
  159  8:34  Hellbat x2  
  159  8:40  Siege Tank  
  161  8:50  Hellbat, Siege Tank  
  161  8:52  SCV x2  
  161  8:53  SCV  
  171  8:55  Hellbat  
  171  8:59  Command Center  
  171  9:03  Terran Vehicle Weapons Level 3, Terran Vehicle And Ship Armor Level 1  
  171  9:04  SCV  
  171  9:06  Hellbat, Hellion  
  176  9:11  Siege Tank  
  163  9:20  Hellbat x2, Siege Tank  
  163  9:22  Siege Tank  
  158  9:28  Hellbat  
  158  9:32  Hellion x4  
  158  9:33  Hellion x4  
  158  9:34  Hellbat  
  158  9:35  Command Center x2, Medivac x2  
  164  9:40  Factory  
  164  9:41  Factory  
  164  9:42  Hellbat  
  164  9:43  Smart Servos  
  164  9:44  Drilling Claws  
  166  9:47  Factory  
  166  9:51  Missile Turret  
  166  10:02  Hellbat, Siege Tank x2  
  166  10:03  Hellbat  
  166  10:04  Hellbat x2, Siege Tank  
  183  10:07  Hi-Sec Auto Tracking  
  181  10:24  Hellbat x2  
  181  10:25  Hellbat x2  
  189  10:32  Factory Tech Lab x2, Barracks Reactor  
  189  10:37  Starport Tech Lab  
  189  10:46  Hellbat x2, Siege Tank x2  
  189  10:56  Siege Tank  
  166  10:57  Hellbat x4, Siege Tank x2  
  155  11:14  Raven  
  160  11:18  Siege Tank  
  160  11:27  Hellbat x2, Siege Tank  
  160  11:28  Hellbat x3  
  160  11:29  Siege Tank x3  
  160  11:30  Orbital Command x3  
  182  11:38  Command Center  
  175  11:44  Hellbat  
  157  11:49  Hellbat  
  157  11:50  Siege Tank  
  157  11:52  Command Center, Hellbat x2  
  157  11:53  Hellbat x2  
  170  11:55  Terran Vehicle And Ship Armor Level 2  
  170  11:56  Terran Ship Weapons Level 1  
  170  11:59  Siege Tank  
  170  12:01  Siege Tank  
  176  12:02  Sensor Tower  
  176  12:07  SCV x4  
  182  12:20  Starport x2  
  180  12:24  Fusion Core  
  180  12:28  Starport  
  180  12:43  Raven  
  182  12:46  Refinery  
  182  12:48  Command Center, Refinery  
  182  12:50  Missile Turret  
  182  12:52  Missile Turret  
  182  12:53  Sensor Tower  
  170  13:14  Siege Tank  
  170  13:15  Hellbat x4, Siege Tank x3  
  170  13:16  Starport Tech Lab x3  
  190  13:20  Orbital Command  
  190  13:33  Sensor Tower  
  190  13:34  Missile Turret  
  174  13:55  Hellion x4, Missile Turret  
  174  13:56  Missile Turret  
  198  14:17  Missile Turret  
  189  14:21  Hellbat x3  
  189  14:22  Hellbat x2  
Tags
 
Add a new tag
Caveats
  • Supply blocks, unpowered buildings, or Contaminate may cause inaccurate times.
  • Supply counts are checked every 10 seconds.